 Dungeon Crawl Stone Soup version 0.31-a0-216-g22e908daa7 (webtiles) character file.

Game seed: 17655187370108323811

46 qw the Chopper (level 3, -6/23 HPs)
             Began as a Gargoyle Fighter on July 1, 2023.
             Mangled by a gnoll
             ... wielding a +0 halberd
              (9 damage)
             ... on level 2 of the Dungeon.
             The game lasted 00:00:26 (1327 turns).

qw the Chopper (Gargoyle Fighter)                   Turns: 1327, Time: 00:00:27

Health: -6/23      AC: 12    Str: 21    XL:     3   Next: 66%
Magic:  3/3        EV:  7    Int:  8    God:
Gold:   54         SH:  4    Dex:  9    Spells: 2/2 levels left

rFire   . . .        Y - +0 war axe
rCold   . . .        c - +0 buckler
rNeg    + . .        p - +0 chain mail
rPois   inf          (no helmet)
rElec   +            (no cloak)
rCorr   .            (no gloves)
SInv    .            (no boots)
Will    .....        (no amulet) Stlth
                     (no ring)
HPRegen 0.23/turn    (no ring)
MPRegen 0.08/turn

%: no passive effects
@: no status effects
A: sickness immunity, AC +3, negative energy resistance 1, electricity
resistance, torment resistance 1, petrification resistance
a: no special abilities


You were on level 2 of the Dungeon.
You visited 1 branch of the dungeon, and saw 2 of its levels.

You collected 54 gold pieces.


Innate Abilities, Weirdness & Mutations

You are immune to sickness and miasma.
Your stone body is resilient. (AC +3)
You are immune to poison.
You resist negative energy. (rN+)
You are resistant to electric shocks. (rElec)
You are resistant to unholy torment.
You are immune to petrification.


   Skills:
 - Level 3.2 Fighting
 + Level 3.5 Axes
 - Level 3.2 Armour
 - Level 3.2 Shields


You had 2 spell levels left.
You didn't know any spells.
Your spell library was empty.

Inventory:

Hand Weapons
 g - a +0 club
 Y - a +0 war axe (weapon)
Missiles
 j - 3 boomerangs (quivered)
Armour
 b - a +0 plate armour
 c - a +0 buckler (worn)
 p - a +0 chain mail (worn)
Scrolls
 a - 2 scrolls of identify
Potions
 d - a potion of might
 e - a potion of attraction
 f - 2 potions of curing
 h - a potion of cancellation {unknown}
 i - a potion of mutation {unknown}
 k - 2 potions of haste {unknown}

Dungeon Overview and Level Annotations

Branches:
Dungeon (2/15)

Altars:


Message History

A rat comes into view.
Enter note:
Enter note: You throw a boomerang.
The boomerang hits the rat.
The rat is heavily wounded.
You throw a boomerang. The boomerang hits the rat.
You kill the rat!
You see here a rat corpse.
A gnoll comes into view. It is wielding a +0 club.
The gnoll shouts!
You hear a shout!
A gnoll comes into view. It is wielding a +0 whip.
A gnoll comes into view. It is wielding a +0 halberd.
Enter note:
Enter note: The gnoll shouts! x2
Enter note:
Enter note: A gnoll comes into view. It is wielding a +0 flail.
Enter note:
Enter note: The gnoll hits you with a +0 club.
Enter note:
Enter note: You closely miss the gnoll.
The gnoll hits you with a +0 club.
You closely miss the gnoll. The gnoll hits you but does no damage.
The gnoll closely misses you. You block the gnoll's attack.
The gnoll hits you from afar with a +0 halberd.
You barely miss the gnoll. The gnoll hits you with a +0 club.
The gnoll completely misses you.
You slash the gnoll!
The gnoll is almost dead.
You block the gnoll's attack.
The gnoll hits you from afar with a +0 halberd.
You barely miss the gnoll.
The gnoll is almost dead.
The gnoll hits you with a +0 club.
The gnoll hits you from afar with a +0 halberd!
You die...

#.##. #.##. #.### #.###
#.... . ##### ... #
..#.g###### ##
....ggg@..#############.
..#..####...............
#.......#############.
.####... ## ...... #
#.#...## #.##.## # #.#
#.


You could see 4 gnolls.

Vanquished Creatures
  2 adders (D:2)
  2 dart slugs (D:1)
  2 ball pythons (D:1)
  An endoplasm (D:1)
  2 hobgoblins (D:1)
  2 jackals (D:1)
  A quokka (D:1)
  5 bats (D:1)
  A goblin (D:1)
  4 kobolds
  2 rats
24 creatures vanquished.

Notes
Turn   | Place    | Note
-------+----------+-------------------------------------------
     0 | D:1      | qw the Gargoyle Fighter began the quest for the Orb.
     0 | D:1      | Reached XP level 1. HP: 14/14 MP: 1/1
     0 | D:1      | 0 ||| qw: Version: 0.3-a-35-g05ef00e
     0 | D:1      | 0 ||| qw: Game counter: 7732
     0 | D:1      | 0 ||| qw: Melee chars always use a shield: true
     0 | D:1      | 0 ||| qw: God list: Okawaru
     0 | D:1      | 0 ||| qw: Allow faded altars: false
     0 | D:1      | 0 ||| qw: Do Orc after clearing Dungeon:15 true
     0 | D:1      | 0 ||| qw: Do second Lair branch before Depths: true
     0 | D:1      | 0 ||| qw: Lair rune preference: random
     0 | D:1      | 0 ||| qw: Goals: Normal, Zot:1-4, Slime:5, God:TSO, Crypt,
                  | Tomb, Abyss, Pan, Hells, Win
     0 | D:1      | 0 ||| PLANNING D:1-11
   458 | D:1      | 458 ||| Stepping ~*~*~tactically~*~*~ (stealth).
   461 | D:1      | Reached XP level 2. HP: 19/19 MP: 2/2
   481 | D:1      | 481 ||| Stepping ~*~*~tactically~*~*~ (hiding).
   632 | D:1      | 632 ||| Stepping ~*~*~tactically~*~*~ (stealth).
   673 | D:1      | Reached skill level 3 in Axes
   701 | D:1      | 701 ||| Stepping ~*~*~tactically~*~*~ (hiding).
   702 | D:1      | 702 ||| Stepping ~*~*~tactically~*~*~ (hiding).
   820 | D:1      | 820 ||| Stepping ~*~*~tactically~*~*~ (hiding).
   831 | D:1      | Reached XP level 3. HP: 20/23 MP: 3/3
   983 | D:1      | 983 ||| UPGRADING to +0 chain mail.
   993 | D:1      | 993 ||| DROPPING +0 scale mail.
   994 | D:1      | 994 ||| READING 2 scrolls labelled XIPRURH WYTTI.
   995 | D:1      | 995 ||| READING scroll labelled ROJOUNT SUTU.
   996 | D:1      | 996 ||| READING 2 scrolls labelled ODACOH DICK.
   997 | D:1      | 997 ||| READING scroll labelled XIMPERR DASTRO.
   998 | D:1      | 998 ||| DRINKING 2 golden potions.
   999 | D:1      | 999 ||| DRINKING 2 fizzy golden potions.
  1000 | D:1      | 1000 ||| DROPPING scroll of blinking.
  1029 | D:2      | 1029 ||| Stepping ~*~*~tactically~*~*~ (hiding).
  1031 | D:2      | 1031 ||| Stepping ~*~*~tactically~*~*~ (hiding).
  1040 | D:2      | 1040 ||| Stepping ~*~*~tactically~*~*~ (stealth).
  1048 | D:2      | 1048 ||| Stepping ~*~*~tactically~*~*~ (stealth).
  1327 | D:2      | HP: 3/23 [gnoll/+0 club (3)]
  1327 | D:2      | Mangled by a gnoll

Levels and vault maps discovered:
D:1:      lightli_arrival_chessboard, layout_loops_corners
D:2:      layout_loops_ring, basic_altar, kennysheep_nondescript,
          grunt_decor_clamped

Skill      XL: |  1  2 |
---------------+-------+-----
Axes           | 2 3 |  3.5
Fighting       | |  3.2
Armour         | |  3.2
Shields        | |  3.2

Action                     || total
---------------------------++-------
  Melee: War axe           ||    55
  Throw: Boomerang         ||    19
    Use: Scroll            ||     4
         Potion            ||     2
 Armour: Scale mail        ||    22
         Chain mail        ||     7
  Dodge: Dodged            ||    29
  Block: Buckler           ||    15

Table legend:
 A = Non-vault XP
 B = Vault XP
 C = Vault XP percentage of total XP
 D = Non-vault monster count
 E = Vault monster count
 F = Vault count percentage of total count
                 A         B        C        D         E       F
            +---------+---------+-------+---------+---------+-------
      Total |      66 |       0 |   0.0 |      24 |       0 |   0.0
            +---------+---------+-------+---------+---------+-------
        D:1 |      37 |       0 |   0.0 |      20 |       0 |   0.0
        D:2 |      29 |       0 |   0.0 |       4 |       0 |   0.0
            +---------+---------+-------+---------+---------+-------
